 Dungeon Crawl Stone Soup version 0.29.1-15-g9cfb28693d (webtiles) character file.

Game seed: 4188929079540229658

577 croobank the Sneak (level 7, -1/46 HPs)
             Began as an Octopode Delver on Mar 13, 2023.
             Slain by a centaur (3 damage)
             ... on level 5 of the Dungeon.
             The game lasted 00:09:50 (3679 turns).

croobank the Sneak (Octopode Delver)                Turns: 3679, Time: 00:09:51

Health: -1/46      AC:  1    Str: 12    XL:     7   Next: 35%
Magic:  7/7        EV: 13    Int: 14    God:
Gold:   175        SH:  0    Dex: 13    Spells: 6/6 levels left

rFire   . . .      SeeInvis .   a - +0 hand axe
rCold   . . .      Faith    .   (no shield)
rNeg    . . .      Spirit   .   (helmet restricted)
rPois   +          Reflect  .   r - amulet of regeneration
rElec   .          Harm     .   v - ring of poison resistance
rCorr   .          Rampage  .   (no ring)
Will    .....                   (no ring)
Stlth   ++++......              (no ring)
HPRegen 0.95/turn               (no ring)
MPRegen 0.10/turn               (no ring)
                                (no ring)
                                (no ring)

@: no status effects
A: almost no armour, amphibious, 8 rings, camouflage 1, gelatinous body 1,
(nimble swimmer 1), tentacles
a: no special abilities


You were on level 5 of the Dungeon.
You visited 1 branch of the dungeon, and saw 6 of its levels.

You collected 205 gold pieces.
You spent 30 gold pieces at shops.

Inventory:

Hand Weapons
 a - a +0 hand axe (weapon)
 c - a +2 dagger of speed
 g - a +0 broad axe
 j - a +0 short sword
 m - a +0 flail of holy wrath
 q - a +0 dagger
 y - a +1 dagger of venom
Missiles
 k - 4 poisoned darts (quivered)
Jewellery
 r - an amulet of regeneration (around mantle)
 v - a ring of poison resistance (left tentacle)
Wands
 f - a wand of digging (3)
 i - a wand of iceblast (13)
 l - a wand of mindburst (18)
 x - a wand of flame (24)
Scrolls
 b - a scroll of fog
 n - a scroll of noise
 s - 2 scrolls of identify
 w - 4 scrolls of magic mapping
Potions
 e - a potion of haste
 p - 2 potions of curing
 u - a potion of degeneration


   Skills:
 - Level 3.6 Fighting
 + Level 7.0 Axes
 - Level 2.8 Dodging
 - Level 7.2 Stealth


You had 6 spell levels left.
You didn't know any spells.
Your spell library contained the following spells:

 Spells                   Type           Power      Damage    Failure   Level
 Slow                     Hex            0%         N/A       28%         1
 Blink                    Tloc           0%         N/A       41%         2
 Gell's Gravitas          Tloc           0%         N/A       65%         3
 Lesser Beckoning         Tloc           0%         N/A       65%         3
 Teleport Other           Tloc           0%         N/A       65%         3
 Tukima's Dance           Hex            0%         N/A       65%         3
 Manifold Assault         Tloc           0%         N/A       100%        5
 Silence                  Hex/Air        0%         N/A       100%        5
 Storm Form               Tmut/Air       0%         N/A       100%        7


Dungeon Overview and Level Annotations

Branches:
Dungeon (6/15)             Temple (0/1) D:6

Altars:
Xom

Shops:
D:2 *   D:4 *


Innate Abilities, Weirdness & Mutations

You cannot wear most types of armour.
You are amphibious.
You can wear up to eight rings at the same time.
Your skin changes colour to match your surroundings (Stealth+).
Your rubbery body absorbs attacks. (AC +1, EV +1)
((You are camouflaged when in or above water. (Stealth+)))
You have tentacles for arms and can constrict up to eight enemies at once.


Message History

The gnoll hits you with a +0 spear.
You closely miss the gnoll. Your grab misses the gnoll.
The gnoll barely misses you.
You hit the gnoll. Your grab misses the gnoll.
The gnoll is moderately wounded.
The gnoll hits you with a +0 spear!
You hit the gnoll. Your grab misses the gnoll.
The gnoll is heavily wounded.
The gnoll closely misses you.
You closely miss the gnoll. Your grab misses the gnoll.
You tentacle-slap the gnoll, but do no damage.
Your squeeze misses the gnoll.
The gnoll is heavily wounded.
You hit the gnoll. You grab the gnoll.
The gnoll is almost dead.
You constrict the gnoll.
You kill the gnoll!
Your Axes skill increases to level 7!
HP restored.
The centaur shouts!
The centaur wields a +0 shortbow.
The centaur shoots an arrow.
The arrow hits you!
The centaur shoots an arrow.
The arrow hits you!
The centaur shoots an arrow.
The arrow hits you!
* * * LOW HITPOINT WARNING * * *
You are too injured to fight recklessly!
You are too injured to fight recklessly!
You are too injured to fight recklessly!
You feel better.
The centaur shoots an arrow.
The arrow hits you.
* * * LOW HITPOINT WARNING * * *
The centaur unwields a +0 shortbow.
The centaur hits you.
* * * LOW HITPOINT WARNING * * *
The centaur closely misses you. The centaur misses you.
The centaur barely misses you.
You barely miss the centaur. You squeeze the centaur.
The centaur is moderately wounded.
The centaur hits you!
* * * LOW HITPOINT WARNING * * *
The centaur kicks you.
You die...

#.#.##.### #.# #......# #.#
##...### #.# #...#
#####.### #...#
#.......###### ##...#####
#.###.#.##....
.........###.###<#.##....
...........#)##).........
.!......c@#....)..#.##....
####...#######..).)..##....
#.. ###...######## #. #.###
# #.# #.# #.# ##### ...
#....


You could see a centaur.

Vanquished Creatures
  A black bear (D:4)
  An ogre (D:4)
  2 hounds (D:5)
  A gnoll bouda (D:5)
  An iguana (D:4)
  Natasha (twice) (D:2)
  An orc wizard (D:4)
  4 gnolls (D:5)
  8 adders
  2 worms
  3 dart slugs
  14 orcs
  5 ball pythons
  6 bats
  7 endoplasms
  5 giant cockroaches
  7 goblins
  5 hobgoblins
  8 kobolds
  5 quokkas
  6 frilled lizards
  8 rats
102 creatures vanquished.

Vanquished Creatures (others)
  A hobgoblin (D:4)
  A plant (D:6)
2 creatures vanquished.

Grand Total: 104 creatures vanquished

Notes
Turn   | Place    | Note
-------+----------+-------------------------------------------
     0 | D:5      | croobank the Octopode Delver began the quest for the Orb.
     0 | D:5      | Reached XP level 1. HP: 16/16 MP: 1/1
    66 | D:6      | Found a staircase to the Ecumenical Temple.
   130 | D:5      | Noticed a centaur
   164 | D:5      | Noticed a hound
   171 | D:5      | Killed a hound
   172 | D:5      | Reached XP level 2. HP: 19/21 MP: 2/2
   172 | D:5      | Reached XP level 3. HP: 23/26 MP: 3/3
   292 | D:4      | Found a shimmering altar of Xom.
   304 | D:4      | Reached XP level 4. HP: 30/31 MP: 4/4
   415 | D:4      | Found Apoak's General Store.
   424 | D:4      | Bought a potion of curing for 30 gold pieces
  1644 | D:2      | Got the Omnibus of Jinxing
  1705 | D:2      | Noticed Natasha
  1711 | D:2      | Killed Natasha
  1712 | D:2      | Reached XP level 5. HP: 30/36 MP: 5/5
  1832 | D:2      | Found Pehuug's General Store.
  1961 | D:2      | Noticed Natasha
  1965 | D:2      | Killed Natasha
  2371 | D:3      | Found a faded altar of an unknown god.
  2995 | D:3      | Reached XP level 6. HP: 40/42 MP: 6/6
  3012 | D:4      | Reached skill level 5 in Axes
  3234 | D:4      | Noticed a black bear
  3270 | D:4      | Killed a black bear
  3271 | D:4      | Reached XP level 7. HP: 30/46 MP: 7/7
  3679 | D:5      | HP: 2/46 [centaur (7)]
  3679 | D:5      | Slain by a centaur

Illustrated notes

Levels and vault maps discovered:
D:1:      dpeg_arrival_tiny_h, layout_basic
D:2:      layout_basic, serial_shops, nicolae_shop_advertising_works
          [nicolae_subvault_shop_adworks], minivault_27, minmay_quadrilaterals,
          uniq_natasha
D:3:      layout_basic, ebering_ecumenical_altar_rust
D:4:      layout_rooms, xom_confusion_cloud, serial_shops, shop_statue,
          minmay_pentomino_pile
D:5:      layout_loops_cross
D:6:      layout_basic, minmay_temple_entry_overgrown, grunt_ministairs_14,
          minmay_ogre_servants

Skill      XL: |  1  2  3  4  5  6  7 |
---------------+----------------------+-----
Stealth        | 7 |  7.2
Axes           | 3 4 6 7 |  7.0
Fighting       | |  3.6
Dodging        | |  2.8

Action                   |  1- 3 |  4- 6 |  7- 9 || total
-------------------------+-------+-------+-------++-------
Melee: Hand axe          |    19 |   136 |    34 ||   189
       Constrict         |     4 |    35 |    11 ||    50
       Tentacles         |     4 |    21 |    12 ||    37
       Punch             |       |     2 |     1 ||     3
Throw: Dart              |       |    10 |     1 ||    11
  Use: Scroll            |       |     5 |     1 ||     6
       Potion            |       |       |     3 ||     3
 Stab: Sleeping          |     2 |    34 |       ||    36
       Invisible         |       |       |     2 ||     2
Armor: Skin              |     1 |     9 |       ||    10
Dodge: Dodged            |    12 |    75 |    29 ||   116
